 Dungeon Crawl Stone Soup version 0.30-a0-728-gc68057be0a (webtiles) character file.

Game seed: 5584035601056155866

15077 mandoloar the Nimble (level 11, -3/67 HPs)
             Began as a Deep Elf Conjurer on Feb 1, 2023.
             Was a Follower of Vehumet.
             Killed from afar by a shock serpent (shapeshifter) (17 damage)
             ... with a bolt of electricity
             ... on level 11 of the Dungeon.
             The game lasted 00:57:02 (15515 turns).

mandoloar the Nimble (Deep Elf Conjurer)           Turns: 15515, Time: 00:57:02

Health: -3/67      AC:  9    Str:  4    XL:     11   Next: 97%
Magic:  30/38      EV: 14    Int: 34    God:    Vehumet [*.....]
Gold:   1672       SH:  0    Dex: 13    Spells: 15/34 levels left

rFire   . . .      SeeInvis .    a - +4 short sword
rCold   . . .      Faith    .    (no shield)
rNeg    . . .      Spirit   .    G - +0 acid dragon scales
rPois   .          Reflect  .    (no helmet)
rElec   .          Harm     .    (no cloak)
rCorr   +          Rampage  .    q - +2 pair of gloves
Will    +....                    (no boots)
Stlth   ++                       u - amulet of regeneration
HPRegen 1.11/turn                g - ring of magical power
MPRegen 0.26/turn                F - +6 ring of intelligence

@: studying Dodging
A: no striking features
a: Renounce Religion


You were on level 11 of the Dungeon.
You worshipped Vehumet.
Vehumet was aware of your devotion.
You visited 2 branches of the dungeon, and saw 12 of its levels.

You collected 1672 gold pieces.

Inventory:

Hand Weapons
 a - a +4 short sword (weapon)
Missiles
 v - 3 throwing nets
Armour
 q - a +2 pair of gloves (worn)
 G - +0 acid dragon scales (worn)
Jewellery
 g - a ring of magical power (left hand)
 m - a ring of willpower
 n - a ring of resist corrosion
 o - a ring of wizardry
 u - an amulet of regeneration (around neck)
 B - a ring of flight
 F - a +6 ring of intelligence (right hand)
Wands
 x - a wand of iceblast (8)
 y - a wand of paralysis (2)
 E - a wand of flame (27)
Scrolls
 c - 9 scrolls of teleportation
 d - a scroll of blinking
 f - a scroll of enchant weapon
 j - 6 scrolls of identify
 l - 2 scrolls of silence
 s - 2 scrolls of magic mapping
 w - 2 scrolls of summoning
 D - a scroll of amnesia
 H - 2 scrolls of fear
Potions
 b - 2 potions of magic
 e - 2 potions of flight
 h - 6 potions of curing
 i - 4 potions of lignification
 k - 5 potions of attraction
 p - 2 potions of heal wounds
 r - 4 potions of invisibility
 t - 3 potions of berserk rage
 z - 2 potions of might
 A - 2 potions of mutation
 C - 2 potions of ambrosia


   Skills:
 + Level 7.0 Fighting
 + Level 12.6 Dodging
 - Level 5.0 Stealth
 + Level 12.0 Spellcasting
 + Level 10.8 Conjurations
 + Level 6.7 Hexes
 - Level 5.0 Translocations
 + Level 6.2 Transmutations


You had 15 spell levels left.
You knew the following spells:

 Your Spells              Type           Power      Damage    Failure   Level
a - Magic Dart            Conj           100%       1d8       1%          1
b - Searing Ray           Conj           100%       2d8       1%          2
c - Fulminant Prism       Conj/Hex       34%        3d16      1%          4
d - Iskenderun's Mystic   Conj/Tloc      65%        2d13      1%          4
e - Tukima's Dance        Hex            61%        N/A       1%          3
f - Yara's Violent Unrav  Hex/Tmut       29%        3d12      10%         5

Your spell library contained the following spells:

 Spells                   Type           Power      Damage    Failure   Level
 Sandblast                Erth           40%        2d10      5%          1
 Kiss of Death            Conj/Necr      100%       2d13      1%          1
 Blink                    Tloc           100%       N/A       1%          2
 Ensorcelled Hibernation  Hex/Ice        86%        N/A       1%          2
 Lesser Beckoning         Tloc           100%       N/A       1%          2
 Momentum Strike          Conj/Tloc      100%       3d10      1%          2
 Static Discharge         Conj/Air       100%       2-7/arc   1%          2
 Confusing Touch          Hex            61%        N/A       1%          3
 Dazzling Flash           Conj/Hex       100%       N/A       1%          3
 Portal Projectile        Hex/Tloc       100%       N/A       1%          3
 Passwall                 Tmut/Erth      34%        N/A       2%          2
 Mephitic Cloud           Conj/Pois/Air  44%        N/A       3%          3
 Vhi's Electric Charge    Tloc/Air       74%        N/A       5%          3
 Passage of Golubria      Tloc           53%        N/A       7%          4
 Call Imp                 Summ           20%        N/A       8%          2
 Blade Hands              Tmut           29%        N/A       12%         5
 Swiftness                Air            20%        N/A       16%         3
 Arcjolt                  Conj/Air       27%        1d37      16%         5
 Lightning Bolt           Conj/Air       27%        1d44      16%         5
 Summon Mana Viper        Hex/Summ       43%        N/A       36%         5
 Dispel Undead            Necr           20%        3d11      45%         4
 Summon Forest            Summ/Tloc      18%        N/A       45%         5
 Conjure Ball Lightning   Conj/Air       27%        3x3d8     65%         6
 Summon Cactus Giant      Summ           10%        N/A       100%        6
 Discord                  Hex            30%        N/A       100%        8
 Disjunction              Tloc           26%        N/A       100%        8


Dungeon Overview and Level Annotations

Branches:
Dungeon (11/15)            Temple (1/1) D:7             Orc (0/2) D:9
   Lair: D:8-11

Altars:
Ashenzari
Cheibriados
Dithmenos
Elyvilon
Fedhas
Gozag
Hepliaklqana
Kikubaaqudgha
Makhleb
Nemelex Xobeh
Okawaru
Qazlal
Ru
Sif Muna
Trog
Uskayaw
Vehumet
Wu Jian
Xom
Yredelemnul
Zin
The Shining One

Shops:
D:4 *


Message History

The boulder beetle attacks as you move away!
The boulder beetle bites you.
The boulder beetle curls into a ball and begins rolling!
There is a stone staircase leading up here.
The boulder beetle hits you!!
* * * LOW HITPOINT WARNING * * *
The boulder beetle stops rolling and uncurls.
You climb upwards.
There is a stone staircase leading down here.
The boulder beetle leaps!
There is a stone staircase leading down here.
You climb downwards.
There is a stone staircase leading up, spattered with blood here.
You start resting.
HP restored.
You start resting.
Magic restored.
Done exploring.
There is a stone staircase leading down here.
You climb downwards.
There is a stone staircase leading up, spattered with blood here.
Casting: Iskenderun's Mystic Blast (dangerous; 1% risk of failure)
Confirm with . or Enter, or press ? or * to list all spells.
Aiming: Fulminant Prism (dangerous; 1% risk of failure)
Press: ? - help, Dir - move target You conjure a prism of explosive energy!
A fulminant prism comes into view.
The shock serpent bites you! The shock serpent shocks you!
Casting: Fulminant Prism (dangerous; 1% risk of failure)
Confirm with . or Enter, or press ? or * to list all spells.
You erupt in a blast of force!
The mystic blast hits the killer bee.
The killer bee is moderately wounded.
The mystic blast hits the shock serpent!
The shock serpent is moderately wounded.
The shock serpent's electric aura discharges, shocking you!
The shock serpent shoots out a bolt of lightning at you!
The bolt of electricity hits you!!
* * * LOW HITPOINT WARNING * * *
The bolt of electricity hits you!
You die...

... ....
....#########
.........)..#
......÷.[S@.#
.......*..y.#
............#
...#(<.....#
#.÷.....#
#.......#
.........#
...)......#
P...........#


You could see a shock serpent (ally target), a killer bee and a friendly
fulminant prism.

Vanquished Creatures
  A centaur warrior (D:10)
  7 two-headed ogres
  A deep elf pyromancer (D:11)
  An ugly thing (D:11)
  A cyclops (D:11)
  A komodo dragon (D:10)
  2 dancing weapons
  A freezing wraith (D:11)
  3 trolls
  A shadow (D:11)
  6 wyverns
  14 yaks
  A vampire mosquito (D:5)
  A steam dragon (D:9)
  An acid dragon (D:10)
  4 water moccasins
  7 orc warriors
  A sky beast (D:6)
  2 black bears
  3 ogres
  A boggart (D:11)
  A centaur (D:8)
  A kobold brigand (D:9)
  3 phantoms
  3 bullfrogs
  2 necrophages
  3 scorpions
  A jelly (D:5)
  8 howler monkeys
  3 hounds
  A gnoll bouda (D:7)
  12 orc priests
  9 iguanas
  21 orc wizards
  10 gnolls
  9 adders
  A shadow imp (D:6)
  An ufetubus (D:6)
  A dart slug (D:3)
  48 orcs
  9 ball pythons
  6 endoplasms
  8 giant cockroaches
  8 goblins
  6 hobgoblins
  3 jackals (D:5)
  9 quokkas
  9 bats
  3 frilled lizards
  12 kobolds
  5 rats
276 creatures vanquished.

Vanquished Creatures (collateral kills)
  An ogre (D:7)
  2 centaurs
  An orc (D:5)
  A kobold (D:9)
5 creatures vanquished.

Vanquished Creatures (others)
  4 dancing weapons
  A bush (D:9)
  195 fulminant prisms
  15 plants (D:11)
215 creatures vanquished.

Grand Total: 496 creatures vanquished

Notes
Turn   | Place    | Note
-------+----------+-------------------------------------------
     0 | D:1      | mandoloar the Deep Elf Conjurer began the quest for the
                  | Orb.
     0 | D:1      | Reached XP level 1. HP: 10/10 MP: 6/6
   294 | D:1      | Reached XP level 2. HP: 13/15 MP: 1/8
   297 | D:1      | Learned a level 2 spell: Searing Ray
  1310 | D:1      | Reached XP level 3. HP: 19/19 MP: 10/10
  1399 | D:1      | Reached skill level 5 in Conjurations
  1752 | D:2      | Found a faded altar of an unknown god.
  2824 | D:3      | Reached XP level 4. HP: 23/24 MP: 12/12
  2979 | D:3      | Learned a level 4 spell: Fulminant Prism
  2984 | D:3      | Learned a level 4 spell: Iskenderun's Mystic Blast
  3396 | D:3      | Reached XP level 5. HP: 28/28 MP: 14/14
  3448 | D:3      | Reached skill level 5 in Spellcasting
  4068 | D:4      | Reached skill level 1 in Translocations
  4072 | D:4      | Reached XP level 6. HP: 29/32 MP: 12/16
  4514 | D:5      | Entered Level 5 of the Dungeon
  4721 | D:4      | Reached skill level 5 in Stealth
  5055 | D:4      | Reached skill level 1 in Hexes
  5147 | D:4      | Learned a level 3 spell: Tukima's Dance
  5197 | D:4      | Found Doncaropilu's Desiderata Depot.
  5557 | D:5      | Reached XP level 7. HP: 37/37 MP: 18/18
  5607 | D:5      | Reached skill level 1 in Fighting
  6172 | D:5      | Noticed a yak
  6267 | D:5      | Killed a yak
  6268 | D:5      | Reached XP level 8. HP: 44/44 MP: 20/20
  6694 | D:5      | Learned a level 5 spell: Yara's Violent Unravelling
  7316 | D:6      | Noticed a two-headed ogre
  7407 | D:5      | Reached skill level 5 in Dodging
  7487 | D:6      | Reached skill level 1 in Transmutations
  7915 | D:6      | Reached XP level 9. HP: 50/50 MP: 22/22
  8011 | D:6      | Killed a two-headed ogre
  8012 | D:6      | Reached skill level 5 in Hexes
  8012 | D:6      | Reached skill level 5 in Translocations
  9161 | D:7      | Found a staircase to the Ecumenical Temple.
  9170 | Temple   | Entered the Ecumenical Temple
  9256 | D:7      | Identified a scroll of acquirement
  9256 | D:7      | Acquired 983 gold pieces
  9589 | D:7      | Found an opulent altar of Gozag.
  9887 | D:8      | Noticed a two-headed ogre
  9913 | D:8      | Killed a two-headed ogre
  9914 | D:8      | Reached XP level 10. HP: 58/58 MP: 7/25
 10279 | D:8      | Noticed a two-headed ogre
 10292 | D:8      | Killed a two-headed ogre
 10293 | D:8      | Reached skill level 5 in Fighting
 10293 | D:8      | Reached skill level 5 in Transmutations
 10573 | D:8      | Identified the +3 leather armour of the Black Skies {rC-
                  | rN+ Regen+}
 10596 | D:8      | Identified the +4 chain mail "Rafa" {rF+ Stlth+}
 10819 | D:9      | Found a blossoming altar of Fedhas.
 10830 | D:10     | Entered Level 10 of the Dungeon
 10857 | D:9      | Found a staircase to the Orcish Mines.
 10879 | D:9      | Noticed a two-headed ogre
 10888 | D:9      | Killed a two-headed ogre
 10919 | D:9      | Reached skill level 10 in Spellcasting
 11442 | D:9      | Reached skill level 10 in Dodging
 11915 | D:9      | Noticed a two-headed ogre
 11932 | D:9      | Killed a two-headed ogre
 11933 | D:9      | Reached XP level 11. HP: 59/64 MP: 13/27
 12230 | D:9      | Noticed a two-headed ogre
 12249 | D:9      | Killed a two-headed ogre
 12389 | D:9      | Found a snail-covered altar of Cheibriados.
 12392 | D:9      | Found a burning altar of Makhleb.
 12397 | D:9      | Found an ancient bone altar of Kikubaaqudgha.
 12397 | D:9      | Found a sacrificial altar of Ru.
 12397 | D:9      | Found an ornate altar of the Wu Jian Council.
 12397 | D:9      | Found a hazy altar of Hepliaklqana.
 12399 | D:9      | Found a shimmering altar of Xom.
 12400 | D:9      | Found a bloodstained altar of Trog.
 12401 | D:9      | Found a shadowy altar of Dithmenos.
 12402 | D:9      | Found a radiant altar of Vehumet.
 12406 | D:9      | Became a worshipper of Vehumet
 12961 | D:10     | Reached skill level 10 in Conjurations
 13370 | D:11     | Noticed a green ugly thing
 14400 | D:11     | Reached * piety under Vehumet
 14400 | D:11     | Offered knowledge of Sandblast by Vehumet.
 14560 | D:11     | Noticed a centaur warrior
 14619 | D:11     | Noticed a two-headed ogre
 14626 | D:10     | Killed a centaur warrior
 14782 | D:10     | Killed a two-headed ogre
 14884 | D:11     | Killed a green ugly thing
 14938 | D:11     | Noticed an ogre mage
 14996 | D:11     | Noticed a two-headed ogre
 15072 | D:11     | Noticed a boulder beetle
 15338 | D:11     | Noticed a deep elf pyromancer
 15342 | D:11     | Noticed a shock serpent
 15345 | D:11     | Killed a deep elf pyromancer
 15515 | D:11     | Killed from afar by a shock serpent (shapeshifter)

Illustrated notes

Levels and vault maps discovered:
D:1:      minmay_arrival_five_plusses, layout_basic
D:2:      layout_basic, hellmonk_ecumenical_altar_pennies_from_heaven
D:3:      minmay_bubble_buster, layout_basic
D:4:      layout_loops_ring, nicolae_alphabet_shops
D:5:      layout_gridville, minmay_manual_mullet
D:6:      minmay_inner_zag, layout_gridville, corexii_corridor_pit,
          corexii_hall_statues_x, minmay_small_thing
D:7:      layout_rooms, grunt_gozag_statues, minmay_temple_entry_antechambers
D:8:      layout_rooms
D:9:      layout_basic, fedhas_bush_and_centaur_altar, minitemple, orc_0_dummy,
          nicolae_underground_beach
D:10:     layout_basic
D:11:     minmay_the_grid_square_5x5_4x4_mashed
          [minmay_the_grid_square_5x5_bite, minmay_the_grid_square_5x5_three,
          minmay_the_grid_square_5x5_beaten_path,
          minmay_the_grid_square_5x5_minimal,
          minmay_the_grid_square_5x5_n_small,
          minmay_the_grid_square_5x5_prize_junk,
          minmay_the_grid_square_5x5_prize_pseudospiral,
          minmay_the_grid_square_5x5_two_walls_b,
          minmay_the_grid_square_5x5_pentomino_r,
          minmay_the_grid_square_5x5_prize_open,
          minmay_the_grid_square_5x5_prize_rear_guard,
          minmay_the_grid_square_5x5_two_small,
          minmay_the_grid_square_5x5_shrine2,
          minmay_the_grid_square_5x5_three_walls,
          minmay_the_grid_square_5x5_eight, minmay_the_grid_square_5x5_n],
          layout_grid_maze, minmay_lair_entry_grove, kb_rosetta
Temple:   hellmonk_temple_micro_hex

Skill      XL: |  1  2  3  4  5  6  7  8  9 10 11 |
---------------+----------------------------------+-----
Spellcasting   | 4 5 6 7 9 10 12 | 12.0
Conjurations   | 5 6 7 8 9 10 | 10.8
Stealth        | 3 4 5 |  5.0
Translocations | 1 2 3 4 5 |  5.0
Hexes          | 1 3 4 5 6 |  6.7
Fighting       | 2 3 4 6 7 |  7.0
Dodging        | 4 5 7 10 12 | 12.6
Transmutations | 2 4 5 6 |  6.2

Action                     |  1- 3 |  4- 6 |  7- 9 | 10-12 || total
---------------------------+-------+-------+-------+-------++-------
  Melee: Dagger            |       |       |     2 |       ||     2
   Cast: Magic Dart        |    73 |    29 |    22 |     7 ||   131
         Searing Ray       |    13 |    17 |    10 |     1 ||    41
         Fulminant Prism   |       |    17 |    73 |   106 ||   196
         Iskenderun's Myst |       |     1 |    18 |    40 ||    59
         Tukima's Dance    |       |       |    14 |     7 ||    21
    Use: Scroll            |     7 |     5 |    11 |     3 ||    26
         Potion            |       |       |       |     1 ||     1
 Armour: Robe              |     2 |     2 |    16 |     2 ||    22
         Acid dragon scale |       |       |       |     7 ||     7
  Dodge: Dodged            |     7 |     8 |    51 |    27 ||    93

Table legend: (Time is in decaauts)
 A = Elapsed time spent in this place.
 B = Non-inter-level travel time spent in this place.
 C = Inter-level travel time spent in this place.
 D = Time resting spent in this place.
 E = Time spent auto-exploring this place.
 F = Levels seen in this place.
 G = Mean time per level.
                   A        B        C        D        E       F      G
               +--------+--------+--------+--------+--------+-----+--------+
         Total |  15596 |  15152 |    444 |   6538 |   6060 |  12 | 1299.7 |
       Dungeon |  15594 |  15150 |    444 |   6538 |   6060 |  11 | 1417.6 |
        Temple |      1 |      1 |      0 |      0 |      0 |   1 |    1.0 |
               +--------+--------+--------+--------+--------+-----+--------+

Top non-repeatable levels by time:
    D:10: 2374 daAuts
     D:3: 1894 daAuts
     D:9: 1664 daAuts
     D:5: 1607 daAuts
     D:6: 1587 daAuts
     D:1: 1448 daAuts
     D:4: 1370 daAuts
     D:7: 1206 daAuts
     D:2: 1158 daAuts
     D:8: 1032 daAuts
    D:11: 249 daAuts
  Temple: 1 daAuts
